Map: Washout LE

Players

ViBE - Winner!

  • Race: Protoss Protoss
  • League: Master

Tsingtao

  • Race: Zerg Zerg
  • League: Gold

VOD

Have the link to the VOD?

Description

Time

  • Played on: Oct. 27, 2026, 8:33 p.m.
  • Length: 12:21
Show
View Real Time Build Order
Export as new Build Order

ViBE Protoss - Winner!

Build Orders: 1 Gate Expand, Archon Immortal 

Get SALT Encoding   

  12  0:00  Probe  
  13  0:12  Probe  
  14  0:18  Pylon  
  14  0:24  Probe  
  15  0:36  Probe (Chrono Boost)  
  15  0:40  Gateway  
  16  0:48  Probe (Chrono Boost)  
  17  0:53  Assimilator  
  17  0:56  Probe (Chrono Boost)  
  18  1:03  Probe  
  19  1:15  Probe  
  20  1:24  Nexus  
  20  1:27  Probe  
  21  1:38  Cybernetics Core  
  21  1:41  Probe  
  22  1:50  Pylon  
  22  1:53  Probe  
  23  2:01  Assimilator  
  23  2:09  Probe (Chrono Boost)  
  24  2:21  Probe (Chrono Boost)  
  25  2:26  Stalker  
  25  2:27  Warp Gate  
  27  2:30  Probe (Chrono Boost)  
  27  2:36  Probe (Chrono Boost)  
  29  2:42  Probe (Chrono Boost)  
  30  2:45  Probe (Chrono Boost)  
  30  2:46  Robotics Facility  
  30  2:48  Shield Battery, Probe (Chrono Boost)  
  30  2:50  Probe (Chrono Boost)  
  32  2:55  Stalker  
  35  3:00  Probe  
  35  3:02  Probe  
  37  3:08  Pylon  
  37  3:14  Probe x2 (Chrono Boost)  
  39  3:23  Pylon  
  39  3:24  Stalker  
  39  3:26  Probe (Chrono Boost)  
  43  3:30  Probe (Chrono Boost)  
  43  3:32  Probe (Chrono Boost)  
  44  3:35  Immortal  
  44  3:37  Probe  
  44  3:41  Probe  
  50  3:49  Probe  
  53  3:56  Probe  
  53  4:01  Probe  
  53  4:02  Nexus  
  55  4:05  Pylon  
  55  4:07  Stalker  
  55  4:08  Pylon  
  55  4:10  Probe  
  55  4:13  Probe  
  57  4:18  Immortal  
  57  4:21  Assimilator  
  57  4:23  Assimilator  
  61  4:27  Probe x2 (Chrono Boost)  
  61  4:30  Stalker  
  67  4:39  Probe x2 (Chrono Boost)  
  67  4:44  Probe x2 (Chrono Boost)  
  69  4:53  Gateway x2, Probe x2  
  69  4:55  Stalker  
  73  5:00  Immortal (Chrono Boost)  
  73  5:05  Pylon  
  73  5:06  Probe  
  78  5:11  Pylon  
  78  5:13  Probe  
  79  5:14  Probe  
  79  5:20  Stalker  
  82  5:22  Probe  
  82  5:25  Probe  
  82  5:26  Probe  
  85  5:34  Probe  
  86  5:36  Pylon  
  86  5:38  Probe x2  
  86  5:39  Pylon  
  88  5:45  Stalker x3  
  88  5:46  Probe  
  88  5:49  Immortal (Chrono Boost)  
  99  5:50  Probe x2  
  101  5:59  Probe  
  101  6:02  Probe x2  
  98  6:11  Stalker  
  98  6:12  Stalker  
  98  6:15  Nexus, Stalker  
  98  6:16  Pylon  
  98  6:20  Pylon  
  98  6:22  Probe x3  
  101  6:26  Immortal (Chrono Boost)  
  101  6:31  Assimilator x2  
  105  6:34  Probe x3  
  105  6:35  Twilight Council  
  105  6:38  Forge  
  105  6:39  Forge  
  108  6:46  Probe x3  
  111  6:52  Stalker x2  
  111  6:53  Stalker  
  117  6:58  Probe x3  
  117  6:59  Protoss Ground Weapons Level 1 (Chrono Boost)  
  120  7:09  Protoss Ground Armor Level 1 (Chrono Boost)  
  120  7:10  Probe x3  
  120  7:13  Immortal (Chrono Boost)  
  127  7:21  Templar Archives  
  127  7:24  Gateway  
  127  7:28  Gateway  
  127  7:32  Stalker x2  
  127  7:33  Stalker  
  131  7:39  Immortal (Chrono Boost)  
  127  7:50  Gateway  
  127  7:54  Gateway, Probe x3  
  128  8:09  Assimilator x2, Immortal (Chrono Boost), Nexus, Stalker x2  
  128  8:10  Stalker, Pylon  
  138  8:13  Pylon  
  138  8:17  Pylon  
  138  8:19  Stalker  
  140  8:25  Pylon  
  140  8:30  Pylon, Stalker  
  140  8:33  Pylon  
  142  8:36  Stalker  
  142  8:37  Stalker x2  
  142  8:39  Pylon  
  148  8:45  Robotics Facility  
  148  8:47  Robotics Facility  
  148  8:48  Protoss Ground Weapons Level 2 (Chrono Boost), Protoss Ground Armor Level 2 (Chrono Boost)  
  148  8:51  Gateway  
  148  8:52  Gateway  
  148  8:55  Gateway x2  
  148  8:57  Gateway  
  148  8:58  Gateway  
  148  9:06  Stalker  
  148  9:07  Stalker x3  
  148  9:08  Stalker x2  
  160  9:10  Stalker  
  160  9:15  Immortal  
  166  9:38  Immortal x2  
  166  9:41  High Templar  
  166  9:42  High Templar x7  
  166  9:44  High Templar  
  192  9:49  Archon x3  
  192  9:50  Archon  
  192  9:51  High Templar  
  192  9:54  Immortal  
  192  9:55  Stalker x2  
  192  9:58  Archon  
  192  9:59  Stalker  
  200  10:19  Pylon  
  200  10:20  Photon Cannon  
  200  10:26  Pylon  
  200  10:28  Pylon  
  200  10:29  Photon Cannon  
  200  10:31  Photon Cannon  
  200  10:33  Shield Battery  
  200  10:40  Photon Cannon  
  200  10:42  Photon Cannon  
  190  10:43  Shield Battery, Immortal (Chrono Boost)  
  190  10:45  Immortal x2 (Chrono Boost), Assimilator  
  190  10:46  Stalker  
  190  10:47  Stalker x4, Assimilator  
  190  10:49  Stalker x3  
  196  10:50  Stalker x2  
  196  10:53  Stalker  
  196  10:55  High Templar x2  
  184  11:15  Stalker x2  
  184  11:16  Stalker x5  
  184  11:17  Stalker  
  200  11:37  Archon  
  200  11:38  Stalker  
  200  11:39  Stalker  
  200  12:13  Photon Cannon  
  200  12:15  Photon Cannon  
  200  12:16  Shield Battery  
Show
View Real Time Build Order
Export as new Build Order

Tsingtao Zerg 

Build Orders: Hatch First 

Get SALT Encoding   

  12  0:00  Drone  
  13  0:08  Drone  
  14  0:16  Overlord  
  14  0:35  Drone x2  
  16  0:37  Drone  
  17  0:46  Drone  
  18  0:56  Hatchery  
  17  0:58  Drone  
  17  1:03  Extractor  
  17  1:09  Drone  
  18  1:19  Spawning Pool  
  18  1:20  Drone  
  18  1:29  Drone  
  19  1:39  Drone  
  20  1:51  Drone  
  21  2:02  Overlord  
  21  2:07  Queen  
  23  2:09  Queen  
  23  2:11  Drone  
  23  2:13  Drone  
  27  2:19  Drone  
  28  2:24  Drone  
  30  2:30  Drone  
  30  2:39  Drone  
  30  2:40  Drone  
  30  2:43  Lair  
  32  2:47  Queen  
  32  2:49  Drone  
  32  2:51  Overlord  
  35  2:57  Roach Warren  
  35  2:58  Drone  
  35  3:01  Drone  
  36  3:08  Evolution Chamber, Drone  
  36  3:19  Drone  
  37  3:20  Drone x6  
  37  3:23  Extractor  
  37  3:26  Extractor  
  42  3:27  Drone  
  42  3:28  Drone  
  43  3:37  Zerg Missile Weapons Level 1  
  43  3:43  Overlord, Hatchery  
  43  3:46  Overlord  
  42  3:51  Roach  
  44  4:02  Roach x4  
  52  4:03  Overlord  
  52  4:04  Overlord  
  52  4:13  Drone x2  
  52  4:16  Glial Reconstitution  
  54  4:18  Overlord  
  54  4:21  Roach  
  56  4:27  Roach  
  58  4:34  Roach x2  
  62  4:39  Roach  
  62  4:40  Drone x2  
  62  4:41  Drone x2  
  68  4:53  Roach x2  
  68  4:56  Roach  
  74  5:04  Roach x2  
  78  5:08  Hatchery  
  78  5:09  Roach  
  78  5:12  Roach  
  81  5:20  Roach x4  
  81  5:21  Overlord x3  
  89  5:48  Roach x10  
  109  5:53  Drone x5  
  114  6:03  Overlord  
  114  6:04  Overlord  
  114  6:10  Zerg Missile Weapons Level 2  
  108  6:13  Drone x3  
  108  6:17  Roach x3  
  87  6:28  Roach x4  
  89  6:36  Roach  
  89  6:37  Roach x2  
  95  6:47  Extractor, Roach  
  95  6:48  Roach x2  
  95  6:49  Extractor  
  95  6:50  Drone x9  
  108  7:05  Roach x6  
  120  7:09  Roach  
  124  7:15  Roach  
  124  7:16  Roach x2  
  124  7:17  Drone x5  
  124  7:21  Queen  
  135  7:27  Drone  
  136  7:41  Hatchery  
  117  7:44  Roach  
  117  7:45  Roach x7  
  117  7:51  Roach  
  117  7:52  Roach x3  
  93  8:21  Drone  
  93  8:22  Drone x17  
  111  8:29  Roach  
  111  8:33  Hydralisk Den  
  112  8:35  Roach x5  
  122  9:03  Extractor, Grooved Spines, Hydralisk  
  122  9:04  Extractor, Hydralisk x10  
  122  9:08  Overlord  
  122  9:09  Overlord x3  
  142  9:16  Overlord x6  
  142  9:26  Queen x2  
  142  9:29  Zerg Ground Armor Level 1  
  146  9:35  Hydralisk x6, Roach  
  160  9:42  Hydralisk x4  
  160  9:45  Roach x2  
  172  9:52  Roach  
  182  9:53  Roach x4  
  182  10:11  Hydralisk x8  
  198  10:22  Roach  
  200  10:40  Roach  
  194  10:49  Drone x13  
  182  10:50  Drone x9  
  182  10:54  Hatchery  
  182  10:56  Roach  
  155  11:02  Roach x5  
  119  11:12  Roach x6  
  119  11:17  Roach x3  
  112  11:26  Roach  
  112  11:27  Roach x6  
  112  11:31  Roach  
  120  11:35  Hydralisk Den  
  120  11:37  Roach x4, Extractor  
  108  11:47  Zergling x2  
  108  11:48  Zergling x6  
Tags
 
Add a new tag
Caveats
  • Supply blocks, unpowered buildings, or Contaminate may cause inaccurate times.
  • Supply counts are checked every 10 seconds.